 Dungeon Crawl Stone Soup version 0.28-a0-1435-g82390b3a13 (webtiles) character file.

Game seed: 10584567709473326647

9 hashsling the Digger (level 2, 16/16 HPs)
             Began as a Gargoyle Earth Elementalist on Jan 9, 2022.
             Was an Initiate of Ashenzari.
             Quit the game on level 1 of the Dungeon.
             The game lasted 00:04:06 (545 turns).

hashsling the Digger (Gargoyle Earth Elementalist)   Turns: 545, Time: 00:04:07

Health: 16/16      AC:  4    Str: 11    XL:     2   Next: 12%
Magic:  5/5        EV: 12    Int: 15    God:    Ashenzari [......]
Gold:   22         SH:  0    Dex: 10    Spells: 4/5 levels left

rFire   . . .      SeeInvis .   e - +0 short sword (elec)
rCold   + . .      Faith    .   (no shield)
rNeg    + . .      Spirit   .   b - +0 robe
rPois   ∞          Reflect  .   (no helmet)
rElec   +          Harm     .   (no cloak)
rCorr   .          Rampage  .   (no gloves)
Will    .....                   (no boots)
Stlth   ++........              (no amulet)
HPRegen 0.05/turn               d - ring of protection from cold
MPRegen 0.09/turn               (no ring)

@: no status effects
A: sickness immunity, AC +2, negative energy resistance 1, electricity
resistance, torment resistance 1, petrification resistance
a: Renounce Religion


You were on level 1 of the Dungeon.
You worshipped Ashenzari.
Ashenzari was noncommittal.
You visited 1 branch of the dungeon, and saw 1 of its levels.

You collected 22 gold pieces.

Inventory:

Hand Weapons
 e - a +0 short sword of electrocution (weapon)
Missiles
 c - 63 stones
Armour
 b - a +0 robe (worn)
Jewellery
 d - a ring of protection from cold (left hand)
Scrolls
 a - a scroll of blinking {unknown}


   Skills:
 * Level 0.9 Fighting
 * Level 1.8 Dodging
 - Level 2.1 Stealth
 * Level 0.8 Unarmed Combat
 - Level 2.0 Spellcasting
 - Level 0.7 Transmutations
 - Level 3.6 Earth Magic


You had 4 spell levels left.
You knew the following spells:

 Your Spells              Type           Power      Damage    Failure   Level
a - Sandblast             Erth           24%        2d8       4%          1

Your spell library contained the following spells:

 Spells                   Type           Power      Damage    Failure   Level
 Passwall                 Tmut/Erth      6%         N/A       14%         2
 Pain                     Necr           4%         1d4       22%         1
 Stone Arrow              Conj/Erth      12%        3d7       32%         3
 Petrify                  Tmut/Erth      8%         N/A       65%         4


Dungeon Overview and Level Annotations

Branches:
Dungeon (1/15)

Altars:
Ashenzari


Innate Abilities, Weirdness & Mutations

You are immune to sickness and miasma.
Your stone body is resilient. (AC +2)
You are immune to poison.
You resist negative energy. (rN+)
You are resistant to electric shocks. (rElec)
You are resistant to unholy torment.
You are immune to petrification.


Message History

The hobgoblin barely misses you.
You closely miss the hobgoblin.
The hobgoblin is almost dead.
The hobgoblin barely misses you.
You hit the hobgoblin.
You kill the hobgoblin!
A rat comes into view.
Found a knobbly silver ring.
Casting: Sandblast (safe; 4% risk of failure)
Confirm with . or Enter, or press ? or * to list all spells.
You can't see any susceptible monsters within range! (Use Z to cast anyway.) Unknown command.
The rat misses you.
You closely miss the rat. The rat barely misses you.
You hit the rat.
You kill the rat!
d - a ring of protection from cold
Found a runed short sword.
Found a faded altar of an unknown god.
Okay, then.
d - a ring of protection from cold (left hand)
You pick up Plato's Catalogue of Black Secrets and begin reading...
You add the spell Pain to your library.
There is a faded altar of an unknown god here.
You see here a +0 short sword of electrocution.
Okay, then.
You see here a +0 short sword of electrocution.
e - a +0 short sword of electrocution You hear the crackle of electricity.
e - a +0 short sword of electrocution (weapon)
c - 47 stones (gained 21)
c - 63 stones (gained 16)
Found a ring mail.
An endoplasm comes into view.
An endoplasm is nearby!
There is a faded altar of an unknown god here.
You cannot tell which god this altar belongs to.
Convert to them anyway?
Ashenzari accepts your prayer! Ashenzari welcomes you!
Ashenzari warns you of distant threats and treasures.
Ashenzari reveals the structure of the dungeon to you.
Ashenzari shows you where magical portals lie.
Are you sure you want to abandon this character and quit the game? (Confirm with "yes".)

############.....###########
##. ###.............# #..
##.........#####.# #.#
##..P#####...####.####.#
##...#.....#P..##.......#
#...#.#####.#...#.......#
#..#.#.....#P#..#.......#
#.#.#.#####.#.#.#.......#
#.#P#.#.@.#.#.#.#.......#
#.^^^.^^...^.^..........#
#.......................#
######....###...........#
#....# ########### #....#
######


There were no monsters in sight!

Vanquished Creatures
  2 endoplasms (D:1)
  A giant cockroach (D:1)
  2 hobgoblins (D:1)
  A ball python (D:1)
  2 rats (D:1)
8 creatures vanquished.

Notes
Turn   | Place    | Note
-------+----------+-------------------------------------------
     0 | D:1      | hashsling the Gargoyle Earth Elementalist began the quest
                  | for the Orb.
     0 | D:1      | Reached XP level 1. HP: 10/10 MP: 3/3
   241 | D:1      | Reached XP level 2. HP: 9/16 MP: 5/5
   440 | D:1      | Found a faded altar of an unknown god.
   448 | D:1      | Got Plato's Catalogue of Black Secrets
   544 | D:1      | Prayed at the altar of an unknown god.
   544 | D:1      | Became a worshipper of Ashenzari the Shackled
   545 | D:1      | Quit the game

Illustrated notes

Levels and vault maps discovered:
D:1:      zaba_arrival_water, layout_rooms, shapermc_ecumenical_altar_rom_forum,
          hex_intersection

Action                   || total
-------------------------++-------
Melee: Unarmed           ||    34
 Cast: Sandblast         ||     4
Armor: Robe              ||    10
Dodge: Dodged            ||    25

Table legend: (Time is in decaauts)
 A = Elapsed time spent in this place.
 B = Non-inter-level travel time spent in this place.
 C = Inter-level travel time spent in this place.
 D = Time resting spent in this place.
 E = Time spent auto-exploring this place.
 F = Levels seen in this place.
 G = Mean time per level.
                   A        B        C        D        E       F      G
               +--------+--------+--------+--------+--------+-----+--------+
         Total |    550 |    515 |     35 |      0 |    404 |   1 |  550.0 |
       Dungeon |    550 |    515 |     35 |      0 |    404 |   1 |  550.0 |
               +--------+--------+--------+--------+--------+-----+--------+

Top non-repeatable levels by time:
     D:1: 550 daAuts
